 Dungeon Crawl Stone Soup version 0.17-a0-755-g4391640 (console) character file.

196 sose the Conjurer (level 5, -10/24 HPs)
             Began as a Vine Stalker Conjurer on Apr 22, 2015.
             Mangled by Sigmund
             ... wielding a +0 scythe
              (15 damage)
             ... on level 3 of the Dungeon.
             The game lasted 00:08:41 (2427 turns).

sose the Conjurer (Vine Stalker Conjurer)           Turns: 2427, Time: 00:08:42

Health: -10/24     AC:  5    Str: 11    XL:     5   Next: 75%
Magic:  0/9        EV: 12    Int: 16    God:
Gold:   124        SH:  0    Dex: 14    Spells: 3 memorised, 3 levels left

rFire  . . .     SeeInvis +       - Unarmed
rCold  . . .     Clarity  .     a - +0 robe
rNeg   . . .     SustAb   .     (no shield)
rPois  .         Gourm    +     (no helmet)
rElec  .         Spirit   +     h - +0 cloak (curse)
rCorr  .         Warding  .     o - +0 pair of gloves
rMut   .         Stasis   .     (no boots)
MR     .....                    n - amulet of the gourmand
Stlth  ++........               (no ring)
                                w - ring of see invisible

@: very slightly contaminated, not resistant to hostile enchantments, unstealthy
A: fangs 2, regeneration 1, shaggy fur 1, magic shield, antimagic bite, no
device heal 3, rot immunity
a: no special abilities


You were on level 3 of the Dungeon.
You were hungry.

You visited 1 branch of the dungeon, and saw 4 of its levels.

You collected 124 gold pieces.

Inventory:

Armour
 a - a +0 robe (worn)
 h - a cursed +0 cloak (worn)
 o - a +0 pair of gloves (worn)
Jewellery
 n - an amulet of the gourmand (around neck)
 w - a ring of see invisible (left hand)
Scrolls
 e - 2 scrolls of remove curse {unknown}
 k - 2 scrolls of enchant armour {unknown}
 l - 3 scrolls of fear {unknown}
 m - 2 scrolls of magic mapping {unknown}
 q - a scroll of fog {unknown}
 s - a scroll of recharging {unknown}
 u - 4 scrolls of identify {unknown}
 v - a scroll of teleportation {unknown}
 x - 2 scrolls of amnesia {unknown}
Potions
 f - a potion of curing {unknown}
 i - a potion of beneficial mutation {unknown}
 j - 2 potions of haste {unknown}
 p - a potion of poison {unknown}
 t - a potion of brilliance {unknown}
Books
 b - a book of Conjurations

   Spells                             Type                      Level
   a - Magic Dart                     Conjuration                  1
   b - Searing Ray                    Conjuration                  2
   c - Dazzling Spray                 Conjuration/Hexes            3
   d - Fulminant Prism                Conjuration/Hexes            4
   e - Iskenderun's Mystic Blast      Conjuration                  4
   f - Iskenderun's Battlesphere      Conjuration/Charms           5
Comestibles
 c - 2 bread rations
 d - a beef jerky
 g - 3 fruits
 r - 4 chunks of flesh
 z - a royal jelly


   Skills:
 - Level 1.5 Dodging
 - Level 2.4 Stealth
 * Level 4.1 Unarmed Combat
 + Level 2.5 Spellcasting
 - Level 5.0 Conjurations


You had 3 spell levels left.
You knew the following spells:

 Your Spells              Type           Power        Failure   Level  Hunger
a - Magic Dart            Conj           ###.         2%          1    #......
b - Searing Ray           Conj           ###...       4%          2    ##.....
c - Dazzling Spray        Conj/Hex       ##......     21%         3    ###....


Dungeon Overview and Level Annotations

Branches:
Dungeon (4/15)
 Temple: D:4-7

Altars:

Annotations:
D:3 Sigmund


Innate Abilities, Weirdness & Mutations

You have extremely sharp teeth.
Your natural rate of healing is unusually fast.
You are covered in fur (AC +1).
When hurt, damage is shared between your health and your magic reserves.
Your bite disrupts and absorbs the magic of your enemies.
Potions and wands cannot restore your health.
You are immune to rotting.


Message History

You closely miss Sigmund. Your bite misses Sigmund.
Sigmund is heavily wounded.
Sigmund hits you but does no damage.
You hit Sigmund.
Sigmund is heavily wounded.
You hit Sigmund but do no damage.
Sigmund is heavily wounded.
Sigmund hits you with a scythe!
Ouch! That really hurt!
* * * LOW HITPOINT WARNING * * *
You closely miss Sigmund. You punch Sigmund. Your bite misses Sigmund.
Sigmund is severely wounded.
Sigmund closely misses you.
You hit Sigmund but do no damage.
Sigmund is severely wounded.
You hit Sigmund.
Sigmund is severely wounded.
Sigmund hits you with a scythe!
Ouch! That really hurt!
You die...

#.......................######
#....................##.......
###.....#.รท.(.................
#.#.#.##...........###......
#.#.#.#...#..##...###.......
##.#..............)..........
##...[...............#........
#.......(.....@........##.....
###.......##.@........####.#..
#...................####.#..
#...........................
##..#.###>...........####....
#...#.# ###..................
###...#.# ##...........##......
#....##.###............#...#...
##....##...#.#.............##...
#.....#......#..................


You could see Sigmund.

Vanquished Creatures
  A scorpion (D:3)
  4 adders
  An ooze (D:3)
  2 worms
  A giant gecko (D:2)
  6 orcs (D:3)
  11 bats
  11 hobgoblins
  11 jackals
  12 kobolds
  2 quokkas
  2 ball pythons
  8 giant cockroaches
  3 giant newts
  10 goblins
  6 rats
91 creatures vanquished.

Notes
Turn   | Place    | Note
--------------------------------------------------------------
     0 | D:1      | sose, the Vine Stalker Conjurer, began the quest for the Orb.
     0 | D:1      | Reached XP level 1. HP: 9/9 MP: 4/4
    95 | D:1      | Reached skill level 1 in Unarmed Combat
    95 | D:1      | Reached XP level 2. HP: 13/13 MP: 0/6
   115 | D:1      | Learned a level 2 spell: Searing Ray
   360 | D:1      | Reached XP level 3. HP: 13/16 MP: 5/7
   447 | D:1      | Learned a level 3 spell: Dazzling Spray
   991 | D:2      | Reached XP level 4. HP: 17/21 MP: 1/8
  1890 | D:3      | Noticed Sigmund
  1901 | D:3      | Reached XP level 5. HP: 17/24 MP: 2/9
  2328 | D:3      | Reached skill level 5 in Conjurations
  2427 | D:3      | Mangled by Sigmund

Action                   |  1- 3 |  4- 6 || total
-------------------------+-------+-------++-------
Melee: Unarmed           |   177 |   154 ||   331
 Cast: Magic Dart        |    17 |     2 ||    19
       Searing Ray       |     4 |     2 ||     6
       Dazzling Spray    |     1 |    11 ||    12
 Stab: Sleeping          |     2 |     1 ||     3
       Invisible         |       |     1 ||     1
  Eat: Chunk             |     1 |     6 ||     7
